 Dungeon Crawl Stone Soup version 0.29.0-4-gdea44cf6ec (webtiles) character file.

Game seed: 17796673878203541565

6 qw the Chopper (level 1, -1/12 HPs)
             Began as a Tengu Warper on Aug 28, 2022.
             Slain by a quokka (2 damage)
             ... on level 1 of the Dungeon.
             The game lasted 00:00:01 (260 turns).

qw the Chopper (Tengu Warper)                        Turns: 260, Time: 00:00:01

Health: -1/12      AC:  3    Str: 11    XL:     1   Next: 90%
Magic:  4/4        EV: 11    Int: 13    God:
Gold:   12         SH:  0    Dex: 13    Spells: 4/4 levels left

rFire   . . .      SeeInvis .   a - +0 hand axe
rCold   . . .      Faith    .   (no shield)
rNeg    . . .      Spirit   .   b - +0 leather armour
rPois   .          Reflect  .   (helmet restricted)
rElec   .          Harm     .   (no cloak)
rCorr   .          Rampage  .   (no gloves)
Will    .....                   (boots unavailable)
Stlth   +.........              (no amulet)
HPRegen 0.04/turn               (no ring)
MPRegen 0.09/turn               (no ring)

@: no status effects
A: beak, talons 3
a: no special abilities


You were on level 1 of the Dungeon.
You visited 1 branch of the dungeon, and saw 1 of its levels.

You collected 12 gold pieces.


Innate Abilities, Weirdness & Mutations

You have a beak for a mouth.
You have claws for feet.


   Skills:
 - Level 2.0 Fighting
 + Level 2.9 Axes
 - Level 1.0 Throwing
 - Level 1.1 Armour
 - Level 2.1 Dodging
 - Level 2.0 Spellcasting
 - Level 2.4 Translocations


You had 4 spell levels left.
You didn't know any spells.
Your spell library contained the following spells:

 Spells                   Type           Power      Damage    Failure   Level
 Blink                    Tloc           14%        N/A       19%         2
 Gell's Gravitas          Tloc           7%         N/A       36%         3
 Lesser Beckoning         Tloc           7%         N/A       36%         3
 Teleport Other           Tloc           7%         N/A       36%         3
 Manifold Assault         Tloc           7%         N/A       98%         5

Inventory:

Hand Weapons
 a - a +0 hand axe (weapon)
Armour
 b - a +0 leather armour (worn)
 g - a +0 ring mail
Scrolls
 c - a scroll of blinking
 e - 2 scrolls of identify {unknown}
 f - a scroll of teleportation {unknown}

Dungeon Overview and Level Annotations

Branches:
Dungeon (1/15)

Altars:


Message History

The hobgoblin shouts!
A bat comes into view.
A quokka comes into view.
You barely miss the bat. You peck the bat, but do no damage.
The bat hits you but does no damage.
A kobold comes into view. It is wielding a +0 short sword.
The bat closely misses you.
The kobold shouts!
You hit the hobgoblin.
The hobgoblin is heavily wounded.
You hit the bat but do no damage. The bat hits you but does no damage.
The hobgoblin misses you. The bat hits you. The hobgoblin hits you.
You hit the hobgoblin.
You kill the hobgoblin!
You hit the bat but do no damage. The bat hits you but does no damage.
The quokka bites you.
You closely miss the quokka. Your peck misses the quokka.
The bat closely misses you. The quokka barely misses you.
You hit the bat.
The bat is moderately wounded.
You hit the quokka but do no damage. The bat misses you.
The quokka barely misses you. The bat closely misses you.
You hit the bat.
You kill the bat!
You closely miss the quokka. The quokka barely misses you.
The quokka closely misses you.
You closely miss the kobold. Your kick misses the kobold.
You closely miss the quokka. The kobold barely misses you.
The quokka closely misses you.
You hit the kobold but do no damage. Your kick misses the kobold.
You peck the kobold.
You kill the kobold!
You hit the quokka but do no damage. The quokka bites you.
A hobgoblin comes into view. It is wielding a +0 dagger.
The quokka bites you.
You closely miss the quokka. Your kick misses the quokka. The quokka bites you.
You die...

..........'....+ ...+
#.........#....##...#
.........##.........#
.....###..%........#
..#### ###..###....#
####.######......###
.#.#\#...7######.#
\#....(...7# #%##
.......7...# #@)#
..........7#....$r.....#
...........#.####.....##
..........## #....g.
...8......# #.....
........#\# .#.#.
......7###.. .#...
......# ..# #. ......#
#.#


You could see a quokka and a hobgoblin.

Vanquished Creatures
  A hobgoblin (D:1)
  A ball python (D:1)
  2 bats (D:1)
  A goblin (D:1)
  2 kobolds (D:1)
  A rat (D:1)
8 creatures vanquished.

Notes
Turn   | Place    | Note
-------+----------+-------------------------------------------
     0 | D:1      | qw the Tengu Warper began the quest for the Orb.
     0 | D:1      | Reached XP level 1. HP: 12/12 MP: 4/4
     0 | D:1      | 0 ||| qw: Version: 0.1-a-89-g26bdef1
     0 | D:1      | 0 ||| qw: Game counter: 2694
     0 | D:1      | 0 ||| qw: Always use a shield: true
     0 | D:1      | 0 ||| qw: God list: Okawaru
     0 | D:1      | 0 ||| qw: Allow faded altars: false
     0 | D:1      | 0 ||| qw: Do Orc after D:15 true
     0 | D:1      | 0 ||| qw: Do second Lair branch before Depths: true
     0 | D:1      | 0 ||| qw: Lair rune preference: random
     0 | D:1      | 0 ||| qw: Plans: Normal
     0 | D:1      | 0 ||| PLANNING D:1-11
   259 | D:1      | HP: 2/12 [quokka (4)]
   260 | D:1      | Slain by a quokka

Levels and vault maps discovered:
D:1:      nzn_arrival_settlement, layout_basic, serial_glass, glass_columns_c,
          glass_columns_c, hangedman_decor_push

Action                   || total
-------------------------++-------
Melee: Hand axe          ||    18
       Peck              ||     3
       Kick              ||     2
Throw: Boomerang         ||     7
Armor: Leather armour    ||     6
Dodge: Dodged            ||    13

Table legend:
 A = Non-vault XP
 B = Vault XP
 C = Vault XP percentage of total XP
 D = Non-vault monster count
 E = Vault monster count
 F = Vault count percentage of total count
                 A         B        C        D         E       F
            +---------+---------+-------+---------+---------+-------
      Total |       9 |       0 |   0.0 |       8 |       0 |   0.0
            +---------+---------+-------+---------+---------+-------
        D:1 |       9 |       0 |   0.0 |       8 |       0 |   0.0
            +---------+---------+-------+---------+---------+-------
